 Dungeon Crawl Stone Soup version 0.20-a0-2-g2b0e13a (webtiles) character file.

112 Kaname the Conjurer (level 4, -2/30 HPs)
             Began as a Demonspawn Venom Mage on Oct 27, 2016.
             Slain by an adder (5 damage)
             ... on level 3 of the Dungeon.
             The game lasted 00:02:47 (1592 turns).

Kaname the Conjurer (Demonspawn Venom Mage)         Turns: 1592, Time: 00:02:48

Health: -2/30      AC:  2    Str:  8    XL:     4   Next: 63%
Magic:  7/7        EV: 12    Int: 22    God:
Gold:   24         SH:  0    Dex: 15    Spells: 1 memorised, 6 levels left

rFire  . . .     SeeInvis .     e - +0 dagger
rCold  . . .     Gourm    .     a - +0 robe
rNeg   . . .     Faith    .     (no shield)
rPois  .         Spirit   .     (no helmet)
rElec  .         Reflect  .     (no cloak)
rCorr  .         Harm     .     (no gloves)
MR     .....                    (no boots)
Stlth  ++........               (no amulet)
                                (no ring)
                                k - +4 ring of intelligence

@: starving
A: claws 1, thin skeletal structure 1, spiny 1
a: no special abilities


You were on level 3 of the Dungeon.
You were starving.

You visited 1 branch of the dungeon, and saw 3 of its levels.

You collected 24 gold pieces.

Inventory:

Hand Weapons
 e - a +0 dagger (weapon)
 g - a +1 antimagic hand axe
Armour
 a - a +0 robe (worn)
Jewellery
 h - a +3 ring of protection {unknown}
 k - a +4 ring of intelligence (left claw)
Scrolls
 d - 2 scrolls of teleportation {unknown}
 f - a scroll of magic mapping {unknown}
 j - a scroll of remove curse {unknown}
 p - a scroll of random uselessness {unknown}
 r - a scroll of identify {unknown}
Potions
 i - 2 potions of lignification {unknown}
 n - a potion of curing {unknown}
 o - 2 potions of haste {unknown}
Books
 b - a Young Poisoner's Handbook

   Spells                             Type                      Level
   a - Sting                          Conjuration/Poison           1
   b - Mephitic Cloud                 Conjuration/Poison/Air       3
   c - Olgreb's Toxic Radiance        Poison                       4
   d - Alistair's Intoxication        Transmutation/Poison         5
   e - Venom Bolt                     Conjuration/Poison           5
Comestibles
 c - 2 bread rations
 l - 2 meat rations
 m - a royal jelly
 q - a slice of pizza


   Skills:
 - Level 1.7 Dodging
 - Level 1.7 Stealth
 - Level 2.0 Spellcasting
 + Level 4.3 Conjurations
 - Level 4.0 Poison Magic


You had 6 spell levels left.
You knew the following spells:

 Your Spells              Type           Power        Failure   Level  Hunger
a - Sting                 Conj/Pois      ###.         2%          1    #......


Dungeon Overview and Level Annotations

Branches:
Dungeon (3/15)

Altars:


Innate Abilities, Weirdness & Mutations

You have sharp fingernails.
You have a somewhat thin skeletal structure. (Dex +2, Stealth)
You are partially covered in sharp spines.


Message History

An adder comes into view.
You feel sick.
The adder hisses angrily.
The adder bites you but does no damage.
You miss the adder. The adder is struck by your spines.
The adder barely misses you.
You barely miss the adder.
The adder is heavily wounded.
You feel sick.
You are no longer poisoned.
The adder barely misses you.
You barely miss the adder.
The adder is heavily wounded.
The adder is struck by your spines. The adder bites you.
* * * LOW HITPOINT WARNING * * *
The adder is struck by your spines. The adder closely misses you.
You barely miss the adder.
The adder is almost dead.
The adder bites you.
You die...

### #.# ...
#.#
#>##.#######
#...........
##..?.!.g..?
#.#.######.
...#.#
#####g# #@#
#S# ..# #<##
#. #. #. ..


You could see an adder and a hobgoblin.

Vanquished Creatures
  Jessica (D:2)
  5 adders
  An ooze (D:2)
  3 dart slugs (D:1)
  An orc (D:3)
  2 giant cockroaches
  2 goblins (D:2)
  2 hobgoblins
  2 jackals (D:1)
  5 kobolds
  A ball python (D:3)
  2 bats (D:1)
  8 rats
35 creatures vanquished.

Notes
Turn   | Place    | Note
-------+----------+-------------------------------------------
     0 | D:1      | Kaname the Demonspawn Venom Mage began the quest for the Orb.
     0 | D:1      | Reached XP level 1. HP: 13/13 MP: 3/3
    45 | D:1      | Reached skill level 1 in Conjurations
   111 | D:1      | Gained mutation: You have a somewhat thin skeletal structure. (Dex +2, Stealth) [demonic ancestry]
   111 | D:1      | Reached XP level 2. HP: 19/19 MP: 0/5
   764 | D:2      | Gained mutation: You are partially covered in sharp spines. [demonic ancestry]
   764 | D:2      | Reached XP level 3. HP: 24/24 MP: 0/6
  1197 | D:2      | Noticed Jessica
  1204 | D:2      | Killed Jessica
  1322 | D:2      | Gained mutation: You have sharp fingernails. [demonic ancestry]
  1322 | D:2      | Reached XP level 4. HP: 20/30 MP: 7/7
  1592 | D:3      | Slain by an adder

Vault maps used:
D:1:      dpeg_arrival_line_fractal, serial_forest,
          infiniplex_forest_lined_ring, infiniplex_forest_straight_2,
          infiniplex_forest_clump_double, infiniplex_forest_zigzag_1,
          infiniplex_forest_3_way, infiniplex_forest_lined_3, st_stairs_3
D:2:      first_bread, uniq_jessica
D:3:      kennysheep_nondescript

Skill      XL: |  1  2  3  4 |
---------------+-------------+-----
Conjurations   | 1 2 3 4 |  4.3
Dodging        | |  1.7
Stealth        | |  1.7
Spellcasting   | |  2.0
Poison Magic   | |  4.0

Action                   |  1- 3 |  4- 6 || total
-------------------------+-------+-------++-------
Melee: Unarmed           |     3 |       ||     3
       Dagger            |    56 |    23 ||    79
 Cast: Sting             |    24 |       ||    24
 Stab: Sleeping          |     2 |     4 ||     6
Armor: Robe              |     9 |     5 ||    14
Dodge: Dodged            |    36 |    18 ||    54
